 Dungeon Crawl Stone Soup version 0.15-a0-2144-g51de978 (webtiles) character file.

188549 PolkaDot the Maledictor (level 17, -4/111 HPs)
             Began as a Vampire Enchanter on July 17, 2014.
             Was the Champion of Dithmenos.
             Slain by a spriggan defender
             ... wielding a +2 flail of holy wrath
             ... led by the Enchantress
              (8 damage)
             ... on Level 1 of the Depths on July 18, 2014.
             The game lasted 03:22:57 (40371 turns).

PolkaDot the Maledictor (Vampire Enchanter)        Turns: 40371, Time: 03:23:00

HP  -4/111       AC 24     Str 10      XL: 17   Next: 18%
MP   9/31        EV 14     Int 22      God: Dithmenos [******]
Gold 1299        SH  0     Dex 18      Spells:  8 memorised,  1 level left

rFire  . . .     SeeInvis +     a - +9 dagger (vamp)
rCold  + . .     Clarity  .     E - +4 troll leather armour
rNeg   + + .     rCorr    .     (no shield)
rPois  +         rRot     +     v - +2 helmet
rElec  .         Spirit   .     l - +2 cloak
SustAb .         Warding  .     V - +2 pair of gloves {Str+3}
rMut   .         Stasis   .     e - +2 pair of boots {+Jump}
Gourm  .                        (no amulet)
MR     +....                    h - +2 ring of protection
                                T - +4 ring of dexterity

@: regenerating slowly, wreathed by umbra, somewhat resistant to hostile
enchantments, uncannily stealthy
A: bottle blood, fangs 3, see invisible, unbreathing
a: Bat Form, Bottle Blood, Shadow Step, Shadow Form, Renounce Religion, Evoke
Jump Attack
}: 2/15 runes: decaying, gossamer


You were on level 1 of the Depths.
You worshipped Dithmenos.
Dithmenos was exalted by your worship.
You were very thirsty.

You visited 7 branches of the dungeon, and saw 39 of its levels.
You also visited: Volcano.

You collected 3274 gold pieces.
You spent 1975 gold pieces at shops.

Inventory:

Hand weapons
 a - a +9 vampiric dagger (weapon)
 b - a +0 cutlass of speed
Missiles
 o - 2 throwing nets (quivered)
Armour
 e - a +2 pair of boots of jumping (worn)
 l - a +2 cloak (worn)
 v - a +2 helmet (worn)
 z - the cursed -1 shield of Awe {Donald, Slay+4}
   (You took it off Donald on level 5 of the Swamp)

   It affects your accuracy and damage with ranged weapons and melee attacks
   (+4).
   It has a curse placed upon it.
 E - a +4 troll leather armour (worn)
 V - a +2 pair of gloves of strength (worn)
Magical devices
 c - a wand of hasting (6)
 i - a wand of heal wounds (0)
 H - a wand of digging (16)
 X - a wand of paralysis (15)
Scrolls
 d - 10 scrolls of teleportation
 k - 11 scrolls of remove curse
 p - a scroll of summoning
 s - a scroll of torment
 u - 2 scrolls of recharging
 O - 2 scrolls of fog
Jewellery
 h - a +2 ring of protection (right hand)
 r - an uncursed ring of magical power
 y - a cursed +3 ring of evasion
 R - an uncursed ring of protection from fire
 T - a +4 ring of dexterity (left hand)
Potions
 f - 3 potions of agility
 g - a potion of cure mutation {!q}
 j - a potion of resistance
 m - 3 potions of invisibility
 t - a potion of blood {@w2}
 w - a potion of restore abilities
 F - 14 potions of curing
 U - 2 potions of flight
 W - a potion of brilliance
Books
 x - a book of Hinderance

   Spells                             Type                      Level
   Confusing Touch                    Hexes                        2
   *Confuse                           Hexes                        3
   Petrify                            Transmutation/Earth          4
   Leda's Liquefaction                Hexes/Earth                  4
   Metabolic Englaciation             Hexes/Ice                    5
   Summon Mana Viper                  Hexes/Summoning              5
 A - a book of the Sky

   Spells                             Type                      Level
   *Flight                            Charms/Air                   3
   Airstrike                          Air                          4
   Silence                            Hexes/Air                    5
   Deflect Missiles                   Charms/Air                   6
   Conjure Ball Lightning             Conjuration/Air              6
   Tornado                            Air                          9
 B - a book of Clouds

   Spells                             Type                      Level
   Mephitic Cloud                     Conjuration/Poison/Air       3
   Conjure Flame                      Conjuration/Fire             3
   Poisonous Cloud                    Conjuration/Poison/Air       6
   Freezing Cloud                     Conjuration/Ice/Air          6
   Ring of Flames                     Charms/Fire                  7
 C - a book of Wizardry

   Spells                             Type                      Level
   Agony                              Necromancy                   5
   Force Lance                        Conjuration                  5
   Dispersal                          Translocation                6
   Haste                              Charms                       6
   *Invisibility                      Hexes                        6
   Spellforged Servitor               Conjuration/Summoning        7
 G - a book of Dreams

   Spells                             Type                      Level
   *Ensorcelled Hibernation           Hexes/Ice                    2
   *Flight                            Charms/Air                   3
   Phase Shift                        Translocation                5
   Shadow Creatures                   Summoning                    5
   Mass Confusion                     Hexes                        6
   *Darkness                          Hexes                        7
 K - a book of Unlife

   Spells                             Type                      Level
   Recall                             Summoning/Translocation      3
   Animate Dead                       Necromancy                   4
   Control Undead                     Necromancy                   4
   Twisted Resurrection               Necromancy                   5
   Death Channel                      Necromancy                   6
   Simulacrum                         Ice/Necromancy               6


   Skills:
 - Level 3.8 Fighting
 - Level 14.0 Short Blades
 - Level 5.5 Armour
 - Level 5.0 Dodging
 + Level 22.2 Stealth
 - Level 6.4 Shields
 + Level 7.8 Spellcasting
 * Level 23.5 Hexes
 - Level 8.2 Charms
 - Level 1.7 Ice Magic
 - Level 0.4 Air Magic


You had one spell level left.
You knew the following spells:

 Your Spells              Type           Power        Failure   Level  Hunger
b - Sure Blade            Hex/Chrm       ######....   1%          2    None
c - Confuse               Hex            #######.     0%          3    None
d - Ensorcelled Hibernat  Hex/Ice        ######       1%          2    None
e - Enslavement           Hex            #######.     0%          4    ###....
i - Invisibility          Hex            #######.     1%          6    ######.
s - Dazzling Spray        Conj/Hex       ######..     1%          3    None
F - Flight                Chrm/Air       ####......   4%          3    None
S - Darkness              Hex            #######...   1%          7    #######


Dungeon Overview and Level Annotations

Branches:
Dungeon (15/15)            Temple (1/1) D:4             Orc (4/4) D:10
    Elf (0/3) Orc:3          Lair (8/8) D:8           Swamp (5/5) Lair:4
 Spider (5/5) Lair:5        Slime (0/6) Lair:7       Vaults (0/5) D:14
 Depths (1/5) D:15

Altars:
Ashenzari
Cheibriados
Dithmenos
Elyvilon
Fedhas
Gozag
Kikubaaqudgha
Makhleb
Nemelex Xobeh
Okawaru
Qazlal
Sif Muna
Trog
Vehumet
Xom
Yredelemnul
Zin
The Shining One

Shops:
D:14 !   D:15 (   Orc:4 (:*?

Portals:
Hell: Depths:1

Annotations:
Orc:4 5 exclusions
Swamp:1 exclusion: ice statue
Depths:1 the Enchantress


Innate Abilities, Weirdness & Mutations

You heal slowly.
You can bottle blood from corpses.
You have razor-sharp teeth.*
You have supernaturally acute eyesight.
You can survive without breathing.*


Message History

Okay, then.
Read which item? (? for menu, Esc to quit)
Okay, then.
The spriggan defender hits you but does no damage.
Found 16 gold pieces.
Drink which item? (? for menu, Esc to quit)
Okay, then.
Casting: Dazzling Spray
Confirm with . or Enter, or press ? or * to list all spells.
Aiming: Dazzling Spray
Press: ? - help, Shift-Dir - straight line, f/p - spriggan defender
Aim: a spriggan defender, wielding a flail of holy wrath, wearing a robe and wearing a buckler (black smoke, heavily wounded, umbra)
The spray of energy misses the spriggan defender.
The spray of energy hits the spriggan air mage.
The spriggan air mage is moderately wounded.
* * * LOW MAGIC WARNING * * *
The spriggan defender hits you with a flail of holy wrath.
* * * LOW HITPOINT WARNING * * *
You convulse!
You die...

###.##....######.#
........## #..# #
#.......# ##.## #
#.....## #..# ## #.....#
##..# .## ###.....##
#..##
..###........####..#
........##..§§#i§..###..#
...(...#####§§§i@........
.....>## ##§§####....#.
.....## #§#§§§# #....
...... #..#§§§# ...$
......# ## #...# ......
.i.#. .... ..#.. ... .#.
.


You could see a spriggan defender and a spriggan air mage.

Vanquished Creatures
  Agnes (Spider:1)
  Kirke (D:15)
  3 thorn hunters
  Donald (Swamp:5)
  A fire giant (Depths:1)
  5 emperor scorpions (Spider:5)
  Gastronok (Lair:3)
  2 ghost moths (Spider:5)
  A spriggan defender (Depths:1)
  6 dire elephants (Lair:8)
  Snorg (D:15)
  A fire dragon (D:15)
  21 hydras
  Fannar (Lair:6)
  Nessos (Spider:1)
  3 shambling mangroves
  An anaconda (Lair:8)
  4 centaur warriors
  5 death yaks
  An ogre mage (D:14)
  2 alligators (Swamp:1)
  A spriggan berserker (Depths:1)
  Urug (Orc:2)
  A catoblepas (D:15)
  5 spriggans
  Nergalle (Lair:3)
  8 swamp dragons
  4 orb spiders (Spider:5)
  An unseen horror (D:12)
  6 hill giants
  8 red wasps
  A spriggan druid (Swamp:4)
  A lindwurm (Orc:4)
  A death drake (shapeshifter) (D:15)
  Erolcha (Orc:3)
  Pikel (D:9)
  11 wolf spiders
  4 orc knights
  2 manticores (D:15)
  An oklob plant (Lair:6)
  A moth of wrath (Spider:5)
  3 orc sorcerers
  A sphinx skeleton (Volcano)
  2 cyclopes
  Maurice (D:9)
  7 black mambas
  Joseph (Lair:1)
  10 elephants
  21 spiny frogs
  3 gargoyles
  3 torpor snails
  4 komodo dragons
  4 demonic crawlers (Spider:5)
  A kobold demonologist (D:13)
  5 fire drakes
  A guardian mummy (Volcano)
  Sonja (D:12)
  15 slime creatures
  5 two-headed ogres
  4 giant leeches
  8 bog bodies
  3 trolls
  12 jumping spiders
  13 ravens
  17 blink frogs
  9 trapdoor spiders
  55 yaks
  A griffon skeleton (D:13)
  3 shadows
  6 redbacks
  3 deep elf magi
  7 tarantellas
  3 basilisks
  10 hippogriffs
  4 water elementals (D:15)
  3 vampires
  4 wyverns
  A hungry ghost (D:14)
  2 wraiths
  15 wolves
  A soldier ant (D:14)
  19 ugly things
  A steam dragon (Lair:5)
  17 vampire mosquitoes
  A mottled dragon (D:14)
  Edmund (Orc:1)
  14 porcupines
  A slave (D:9)
  2 human skeletons
  27 swamp worms
  A tengu skeleton (D:13)
  25 water moccasins
  7 yellow wasps
  26 orc warriors
  3 spiders
  A manticore zombie (D:15)
  4 ice beasts
  3 sky beasts
  A black bear (D:10)
  A necrophage (D:8)
  11 swamp drakes
  3 manticore skeletons
  3 boring beetles
  17 ogres
  Duvessa (D:9)
  15 giant frogs
  21 centaurs
  A big kobold (D:8)
  16 crocodiles
  8 insubstantial wisps
  2 eyes of draining
  3 scorpions
  8 killer bees
  3 troll skeletons
  6 electric eels
  19 wights
  2 goliath beetles
  Dowan (D:9)
  4 crimson imps
  12 jellies
  13 orc priests
  A centaur zombie (D:3)
  Crazy Yiuf (D:2)
  2 centaur skeletons (Volcano)
  3 gnoll shamans
  7 hounds
  2 two-headed ogre skeletons
  10 iguanas
  24 orc wizards
  3 quasits
  Natasha (thrice) (D:6)
  A basilisk skeleton (D:15)
  17 worker ants
  11 orange rats
  8 sheep (Lair:5)
  2 ogre zombies
  A mottled dragon zombie (D:14)
  A sky beast zombie (D:8)
  Jessica (D:2)
  2 ogre skeletons (Volcano)
  A hound zombie (D:3)
  3 naga skeletons (Volcano)
  A hound skeleton (D:7)
  6 mummies
  26 adders
  17 gnolls
  37 green rats
  3 worms
  2 giant mites
  A shadow imp (D:10)
  An iguana zombie (D:5)
  An adder zombie (D:3)
  An ooze (Lair:7)
  143 orcs
  3 bat skeletons
  8 giant cockroaches
  19 hobgoblins
  18 kobolds
  9 quokkas
  2 ball pythons
  A ball python skeleton (D:3)
  17 bats
  8 giant geckos
  7 giant newts
  18 goblins
  A goblin skeleton (D:3)
  A goblin zombie (D:3)
  3 jackals
  A jackal zombie (D:5)
  A kobold skeleton (D:8)
  An orc skeleton (D:3)
  A quokka zombie (D:3)
  39 rats
  A rat skeleton (D:4)
  8 briar patches (Swamp:4)
  4 plants (Lair:8)
  A toadstool (Swamp:4)
1234 creatures vanquished.

Vanquished Creatures (collateral kills)
  Frances (Swamp:5)
  2 alligators (Swamp:5)
  A swamp dragon (Swamp:5)
  3 spriggan druids (Swamp:5)
  An orb spider (Spider:5)
  2 wolf spiders (Spider:5)
  A demonic crawler (Spider:5)
  A giant leech (Swamp:5)
  A bog body (Swamp:5)
  A spriggan (Swamp:5)
  3 swamp drakes (Swamp:5)
  2 water moccasins (Swamp:5)
  2 jellies (Lair:7)
  A gnoll (Orc:4)
  An ooze (Lair:7)
23 creatures vanquished.

Vanquished Creatures (others)
  A centaur warrior (D:13)
  5 humans (D:15)
  A hungry ghost (D:12)
  A wyvern (D:13)
  A hippogriff (D:15)
  A soldier ant (D:13)
  2 swamp drakes (Swamp:5)
  A slave (D:9)
  A hound (D:13)
  An orc (D:15)
  A rat (D:9)
  A plant (D:8)
  6 toadstools (Swamp:4)
23 creatures vanquished.

Grand Total: 1280 creatures vanquished

Notes
Turn   | Place    | Note
--------------------------------------------------------------
     0 | D:1      | PolkaDot, the Vampire Enchanter, began the quest for the Orb.
     0 | D:1      | Reached XP level 1. HP: 13/13 MP: 3/3
   566 | D:1      | Reached XP level 2. HP: 19/19 MP: 4/4
   596 | D:1      | Learned a level 2 spell: Ensorcelled Hibernation
  1062 | D:2      | Noticed Jessica
  1089 | D:2      | Killed Jessica
  1089 | D:2      | Reached skill level 1 in Ice Magic
  1089 | D:2      | Reached XP level 3. HP: 16/24 MP: 1/6
  1138 | D:2      | Learned a level 3 spell: Confuse
  1739 | D:2      | Reached skill level 5 in Hexes
  1748 | D:2      | Reached XP level 4. HP: 28/30 MP: 1/7
  2615 | D:2      | Noticed Crazy Yiuf
  2621 | D:2      | Killed Crazy Yiuf
  2621 | D:2      | Reached skill level 5 in Stealth
  2621 | D:2      | Reached skill level 6 in Hexes
  2652 | D:2      | Reached XP level 5. HP: 35/35 MP: 1/9
  3119 | D:3      | Reached skill level 7 in Hexes
  3504 | D:3      | Found a glowing silver altar of Zin.
  3505 | D:3      | Found an opulent altar of Gozag.
  3558 | D:3      | Reached XP level 6. HP: 30/41 MP: 2/10
  3743 | D:3      | Found a snail-covered altar of Cheibriados.
  3888 | D:4      | Reached skill level 8 in Hexes
  4605 | D:4      | Found a staircase to the Ecumenical Temple.
  4615 | Temple   | Entered the Ecumenical Temple
  4713 | Temple   | Became a worshipper of Sif Muna the Loreminder
  4863 | D:4      | Reached skill level 9 in Hexes
  4868 | D:4      | Reached XP level 7. HP: 46/46 MP: 2/12
  5405 | D:4      | Learned a level 4 spell: Enslavement
  5415 | D:5      | Entered Level 5 of the Dungeon
  5706 | D:5      | Reached skill level 10 in Hexes
  5970 | D:5      | Acquired Sif Muna's first power
  6022 | D:5      | Reached XP level 8. HP: 48/52 MP: 4/13
  6058 | D:6      | Noticed Natasha
  6065 | D:6      | Killed Natasha
  6171 | D:6      | Reached skill level 11 in Hexes
  6191 | D:6      | Noticed Natasha
  6203 | D:6      | Killed Natasha
  6239 | D:6      | Noticed Natasha
  6247 | D:6      | Killed Natasha
  6291 | D:6      | Found a radiant altar of Vehumet.
  7010 | D:7      | Found an ancient bone altar of Kikubaaqudgha.
  7117 | D:8      | Acquired Sif Muna's second power
  7123 | D:8      | Reached skill level 12 in Hexes
  7161 | D:8      | Found a staircase to the Lair.
  7195 | D:8      | Noticed a two-headed ogre
  7206 | D:8      | Killed a two-headed ogre
  7206 | D:8      | Reached XP level 9. HP: 51/57 MP: 13/18
  7316 | D:8      | Reached skill level 10 in Stealth
  7368 | D:8      | Reached skill level 13 in Hexes
  7687 | D:8      | Learned a level 6 spell: Invisibility
  8302 | Temple   | Fell from the grace of Sif Muna
 10255 | Temple   | Became a worshipper of Dithmenos the Shadowed
 10785 | D:8      | Reached skill level 14 in Hexes
 10812 | D:8      | Learned a level 2 spell: Sure Blade
 11317 | D:9      | Noticed Pikel
 11332 | D:9      | Killed Pikel
 11332 | D:9      | Reached skill level 5 in Spellcasting
 11358 | D:9      | Noticed Maurice
 11361 | D:9      | Reached XP level 10. HP: 63/63 MP: 14/22
 11376 | D:9      | Killed Maurice
 11501 | D:9      | Found a bloodstained altar of Trog.
 11516 | D:9      | Reached skill level 15 in Hexes
 11684 | D:9      | Noticed Duvessa
 11684 | D:9      | Noticed Dowan
 11689 | D:9      | Killed Duvessa
 11699 | D:9      | Killed Dowan
 11862 | D:10     | Entered Level 10 of the Dungeon
 12002 | D:10     | Found a staircase to the Orcish Mines.
 12127 | D:10     | Acquired Dithmenos' first power
 12369 | D:10     | Noticed a hill giant
 12373 | D:10     | Killed a hill giant
 12373 | D:10     | Reached skill level 16 in Hexes
 12378 | D:10     | Learned a level 3 spell: Dazzling Spray
 12857 | D:11     | Reached XP level 11. HP: 38/68 MP: 8/25
 13419 | D:11     | Noticed a hill giant
 13429 | D:11     | Killed a hill giant
 13483 | D:11     | Acquired Dithmenos' second power
 13697 | D:11     | Reached skill level 17 in Hexes
 13894 | Lair:1   | Entered Level 1 of the Lair of Beasts
 13903 | Lair:1   | Learned a level 3 spell: Flight
 13995 | Lair:1   | Identified a +2 rod of clouds (13/13) (You found it on level 1 of the Lair of Beasts)
 14544 | Lair:1   | Noticed Joseph
 14551 | Lair:1   | Killed Joseph
 15073 | Lair:1   | Reached skill level 5 in Short Blades
 15229 | Lair:2   | Noticed a four-headed hydra
 15236 | Lair:2   | Killed a four-headed hydra
 15236 | Lair:2   | Reached skill level 18 in Hexes
 15422 | Lair:2   | Noticed a five-headed hydra
 15446 | Lair:2   | Killed a five-headed hydra
 16030 | Lair:3   | Noticed Gastronok
 16348 | Lair:3   | HP: 1/68 [Gastronok/the air (14)]
 16406 | Lair:2   | Noticed a four-headed hydra
 16413 | Lair:2   | Killed a four-headed hydra
 16413 | Lair:2   | Reached XP level 12. HP: 18/74 MP: 19/27
 17301 | Lair:3   | Reached skill level 15 in Stealth
 17604 | Lair:3   | Killed Gastronok
 18034 | Lair:3   | Noticed Nergalle
 18034 | Lair:3   | Noticed a four-headed hydra
 18042 | Lair:3   | Killed Nergalle
 18042 | Lair:3   | Acquired Dithmenos' third power
 18043 | Lair:3   | Killed a four-headed hydra
 18247 | Lair:4   | Reached skill level 19 in Hexes
 18431 | Lair:4   | Reached skill level 10 in Short Blades
 18611 | Lair:4   | Found a staircase to the Swamp.
 19543 | Lair:5   | Reached XP level 13. HP: 79/79 MP: 28/28
 19574 | Lair:5   | Identified the Incunabulum of Damage Dealing
 19621 | Lair:5   | Was forgiven by Sif Muna
 20315 | Lair:5   | Found a hole to the Spider Nest.
 20537 | Lair:6   | Noticed Fannar
 20540 | Lair:6   | Killed Fannar
 20648 | Lair:6   | Found a bloodstained altar of Trog.
 21322 | Lair:6   | Acquired Dithmenos' fourth power
 21875 | Lair:7   | Reached skill level 20 in Hexes
 21999 | Lair:7   | Found a staircase to the Slime Pits.
 22800 | Lair:8   | Entered Level 8 of the Lair of Beasts
 23104 | Lair:8   | Reached XP level 14. HP: 85/85 MP: 23/29
 24121 | Lair:8   | Reached skill level 1 in Fighting
 24780 | D:12     | Reached skill level 21 in Hexes
 24913 | D:12     | Noticed Sonja
 24919 | D:12     | Killed Sonja
 25603 | D:13     | Reached skill level 1 in Armour
 26114 | D:13     | Found a glowing golden altar of the Shining One.
 26381 | D:13     | You fall through a shaft for 2 floors!
 26381 | D:15     | Entered Level 15 of the Dungeon
 26404 | D:15     | Noticed Kirke
 26425 | D:15     | Killed Kirke
 26676 | D:15     | Found Liraur's Weapon Emporium.
 26858 | D:15     | Noticed Snorg
 26867 | D:15     | Killed Snorg
 26917 | D:15     | Reached XP level 15. HP: 94/100 MP: 27/29
 27283 | D:15     | Found a staircase to the Depths.
 27650 | D:14     | Found a shimmering altar of Xom.
 27730 | D:14     | Found Gioximei's Distillery.
 27906 | D:14     | Reached skill level 5 in Armour
 28359 | D:14     | Found a gate to the Vaults.
 29242 | Swamp:1  | Entered Level 1 of the Swamp
 30252 | Swamp:2  | Reached skill level 22 in Hexes
 30338 | Swamp:2  | Reached skill level 5 in Dodging
 30535 | Swamp:2  | Reached skill level 1 in Charms
 31910 | Swamp:4  | Noticed a thorn hunter
 32003 | Swamp:4  | Killed a thorn hunter
 32574 | Swamp:5  | Entered Level 5 of the Swamp
 32574 | Swamp:5  | Noticed Frances
 32593 | Swamp:4  | Reached skill level 5 in Charms
 32960 | Swamp:5  | Killed Frances
 32970 | Swamp:5  | Reached XP level 16. HP: 55/106 MP: 21/30
 33170 | Swamp:5  | Noticed a thorn hunter
 33193 | Swamp:5  | Noticed a thorn hunter
 33221 | Swamp:5  | Killed a thorn hunter
 33249 | Swamp:5  | Killed a thorn hunter
 33269 | Swamp:5  | Got a decaying rune of Zot
 33590 | Swamp:5  | HP: 5/106 [red wasp[a spriggan druid] (16)]
 33891 | Swamp:5  | Noticed Donald
 34327 | Swamp:5  | Killed Donald
 34329 | Swamp:5  | Got a slimy shield {Donald}
 34330 | Swamp:5  | Identified the cursed -1 shield of Awe {Donald, Slay+4} (You took it off Donald on level 5 of the Swamp)
 34639 | Spider:1 | Entered Level 1 of the Spider Nest
 34639 | Spider:1 | Noticed Agnes
 34644 | Spider:1 | Killed Agnes
 34772 | Spider:1 | Learned a level 7 spell: Darkness
 35006 | Spider:5 | Entered Level 5 of the Spider Nest
 35123 | Spider:5 | Reached skill level 1 in Shields
 35344 | Spider:5 | Reached skill level 23 in Hexes
 35691 | Spider:5 | HP: 2/106 [tarantella (13)]
 35769 | Spider:5 | Reached skill level 5 in Shields
 35963 | Spider:5 | Got a gossamer rune of Zot
 36036 | Spider:4 | HP: 5/106 [jumping spider (15)]
 36356 | Spider:1 | Noticed Nessos
 36363 | Spider:1 | Killed Nessos
 36878 | Orc:1    | Entered Level 1 of the Orcish Mines
 36964 | Orc:1    | Noticed Edmund
 36983 | Orc:1    | Killed Edmund
 37262 | Orc:2    | Noticed Urug
 37273 | Orc:2    | Killed Urug
 37638 | Orc:3    | Found a staircase to the Elven Halls.
 38063 | Orc:3    | Noticed Erolcha
 38070 | Orc:3    | Killed Erolcha
 38070 | Orc:3    | Reached XP level 17. HP: 111/111 MP: 31/31
 38255 | Orc:4    | Entered Level 4 of the Orcish Mines
 38355 | Orc:4    | Found a dark tunnel.
 38465 | Volcano  | Entered a volcano
 39616 | Orc:4    | Found Xatitzal's General Store.
 39616 | Orc:4    | Found Soraclo's Book Emporium.
 39620 | Orc:4    | Found Alumm's Antique Weapon Shoppe.
 39623 | Orc:4    | Found Huston's Magic Scroll Boutique.
 39749 | Orc:4    | Bought a book of Hinderance for 300 gold pieces
 39749 | Orc:4    | Bought a book of the Sky for 975 gold pieces
 39756 | Orc:4    | Bought a scroll of enchant weapon for 90 gold pieces
 39756 | Orc:4    | Bought 2 scrolls of enchant weapon for 180 gold pieces
 39756 | Orc:4    | Bought a scroll of brand weapon for 240 gold pieces
 39756 | Orc:4    | Bought a scroll of enchant armour for 90 gold pieces
 40059 | Orc:4    | Bought a runed cutlass for 100 gold pieces
 40283 | Depths:1 | Entered Level 1 of the Depths
 40304 | Depths:1 | Found a gateway to Hell.
 40353 | Depths:1 | Noticed the Enchantress
 40371 | Depths:1 | HP: 4/111 [spriggan defender/flail of holy wrath[the Enchantress] (5)]
 40371 | Depths:1 | Slain by a spriggan defender

Action                   |  1- 3 |  4- 6 |  7- 9 | 10-12 | 13-15 | 16-18 || total
-------------------------+-------+-------+-------+-------+-------+-------++-------
Melee: Dagger            |   123 |   200 |   310 |   479 |  1093 |   775 ||  2980
 Cast: Corona            |     2 |       |       |       |       |       ||     2
       Ensorcelled Hiber |     5 |    46 |   108 |   134 |   129 |    77 ||   499
       Confuse           |     1 |       |    28 |    19 |    21 |    24 ||    93
       Invisibility      |       |       |     1 |    13 |    38 |    13 ||    65
       Dazzling Spray    |       |       |       |    27 |    11 |    11 ||    49
       Sure Blade        |       |       |       |    11 |    12 |     3 ||    26
       Enslavement       |       |       |       |     2 |    16 |    22 ||    40
       Flight            |       |       |       |       |    17 |    13 ||    30
       Darkness          |       |       |       |       |       |    19 ||    19
Invok: Channel Energy    |       |       |    49 |       |       |       ||    49
       Renounce Religion |       |       |     1 |       |       |       ||     1
       Shadow Step       |       |       |       |     2 |       |       ||     2
 Abil: End Transformatio |       |       |       |       |     2 |     1 ||     3
       Bat Form          |       |       |       |       |     2 |     1 ||     3
       Evoke Jump Attack |       |       |       |       |     1 |       ||     1
Evoke: Wand              |       |     1 |     1 |    11 |     5 |    11 ||    29
  Use: Potion            |     1 |       |     4 |     8 |     7 |     7 ||    27
       Scroll            |       |       |    13 |    17 |    24 |    21 ||    75
 Stab: Sleeping          |     7 |    41 |    95 |   167 |   300 |   151 ||   761
       Confused          |     1 |       |    16 |    15 |    15 |    12 ||    59
       Distracted        |       |       |     2 |     2 |     6 |    12 ||    22
       Invisible         |       |       |       |    17 |    82 |    70 ||   169
       Betrayed ally     |       |       |       |     1 |       |     2 ||     3
       Held in net/web   |       |       |       |       |       |     1 ||     1
  Eat: Corpse            |       |       |     1 |     2 |     1 |     1 ||     5
